 Dungeon Crawl Stone Soup version 0.24-a0-201-gf205589 (webtiles) character file.

Game seed: 6763420440566236749

102 Ijustatesigmund the Shield-Bearer (level 4, -2/31 HPs)
             Began as an Octopode Fighter on Mar 22, 2019.
             Slain by a bullfrog (6 damage)
             ... on level 2 of the Dungeon.
             The game lasted 00:02:04 (1524 turns).

Ijustatesigmund the Shield-Bearer (OpFi)            Turns: 1524, Time: 00:02:05

Health: -2/31      AC:  1    Str: 15    XL:     4   Next: 78%
Magic:  4/4        EV: 12    Int: 15    God:
Gold:   50         SH:  9    Dex: 12    Spells: 3/3 levels left

rFire    . . .     SeeInvis .   a - +0 war axe
rCold    . . .     Gourm    .   b - +0 shield
rNeg     . . .     Faith    .   (helmet restricted)
rPois    .         Spirit   .   (no amulet)
rElec    .         Reflect  .   (no ring)
rCorr    .         Harm     .   (no ring)
MR       .....                  (no ring)
Stlth    ++........             (no ring)
HPRegen  0.10/turn              (no ring)
MPRegen  0.09/turn              (no ring)
                                (no ring)
                                (no ring)

@: brilliant
A: almost no armour, stealthy swim, amphibious, 8 rings, constrict 8, camouflage
1, gelatinous body 1
a: no special abilities


You were on level 2 of the Dungeon.
You were not hungry.

You visited 1 branch of the dungeon, and saw 2 of its levels.

You collected 50 gold pieces.

Inventory:

Hand Weapons
 a - a +0 war axe (weapon)
Missiles
 h - 2 throwing nets (quivered)
Armour
 b - a +0 shield (worn)
Scrolls
 e - 3 scrolls of identify
 f - a scroll of noise {unknown}
 j - 2 scrolls of teleportation {unknown}
Potions
 c - a potion of resistance
 i - a potion of brilliance
 k - a potion of curing {unknown}
Comestibles
 d - 6 rations
 g - 2 chunks of flesh


   Skills:
 + Level 3.5 Fighting
 * Level 3.3 Axes
 + Level 3.5 Dodging
 + Level 3.5 Shields


You had 3 spell levels left.
You didn't know any spells.
Your spell library was empty.

Dungeon Overview and Level Annotations

Branches:
Dungeon (2/15)

Altars:


Innate Abilities, Weirdness & Mutations

You cannot wear most types of armour.
You are very stealthy in the water. (Stealth+)
You are amphibious.
You can wear up to eight rings at the same time.
You can use your tentacles to constrict eight enemies at once.
Your skin changes colour to match your surroundings (Stealth+).
Your rubbery body absorbs attacks. (AC +1, EV +1)


Message History

The bullfrog hits you. You block the bullfrog's attack.
You barely miss the bullfrog. Your grab misses the bullfrog.
The bullfrog is lightly wounded.
The bullfrog closely misses you. The bullfrog barely misses you.
You hit the bullfrog. Your grab misses the bullfrog.
The bullfrog is moderately wounded.
The bullfrog hits you. x2
You closely miss the bullfrog. You grab the bullfrog.
The bullfrog is moderately wounded.
You constrict the bullfrog. The bullfrog hits you.
The bullfrog barely misses you.
You are too injured to fight recklessly!
You are too injured to fight recklessly!
A bullfrog is nearby!
It was a potion of brilliance.
You feel clever all of a sudden.
You constrict the bullfrog. The bullfrog hits you!
* * * LOW HITPOINT WARNING * * *
The bullfrog hits you.
You die...

####### #.....#
#.....# #.....#
#.....# #.....#
#############.....####
+.....F@....'.....'[>#
#############.....##.#
#.....##.# ########.#
#.# #)# #.# #.# #.#


You could see a bullfrog.

Vanquished Creatures
  4 gnolls (D:2)
  An adder (D:2)
  An ooze (D:2)
  A worm (D:2)
  2 dart slugs (D:2)
  A leopard gecko (D:1)
  3 bats (D:1)
  2 giant cockroaches (D:1)
  5 goblins
  2 hobgoblins
  10 jackals
  2 frilled lizards (D:1)
  5 kobolds
  3 rats
42 creatures vanquished.

Notes
Turn   | Place    | Note
-------+----------+-------------------------------------------
     0 | D:1      | Ijustatesigmund the Octopode Fighter began the quest for
                  | the Orb.
     0 | D:1      | Reached XP level 1. HP: 16/16 MP: 1/1
   140 | D:1      | Reached XP level 2. HP: 9/21 MP: 2/2
   149 | D:1      | HP: 1/21 [kobold/+0 short sword (2)]
   570 | D:1      | Reached XP level 3. HP: 26/26 MP: 3/3
   872 | D:2      | Reached XP level 4. HP: 22/31 MP: 4/4
  1512 | D:2      | Noticed a bullfrog
  1524 | D:2      | Slain by a bullfrog

Levels and vault maps discovered:
D:1:      dpeg_arrival_three_bigger_balls, layout_loops_ring
D:2:      kennysheep_big_flooded_room, layout_basic

Skill      XL: |  1  2  3 |
---------------+----------+-----
Axes           | 3 |  3.3
Fighting       | |  3.5
Dodging        | |  3.5
Shields        | |  3.5

Action                   |  1- 3 |  4- 6 || total
-------------------------+-------+-------++-------
Melee: War axe           |    41 |    34 ||    75
       Constrict         |    13 |     8 ||    21
       Tentacles         |     8 |     6 ||    14
  Use: Potion            |     2 |     1 ||     3
       Scroll            |     2 |       ||     2
 Stab: Sleeping          |     6 |     4 ||    10
  Eat: Chunk             |       |     2 ||     2
Armor: Skin              |     3 |     2 ||     5
Dodge: Dodged            |    18 |    15 ||    33
Block: Shield            |    15 |    20 ||    35

Table legend:
 A = Non-vault XP
 B = Vault XP
 C = Vault XP percentage of total XP
 D = Non-vault monster count
 E = Vault monster count
 F = Vault count percentage of total count
                 A         B        C        D         E       F
            +---------+---------+-------+---------+---------+-------
      Total |     138 |       9 |   6.1 |      40 |       2 |   4.8
            +---------+---------+-------+---------+---------+-------
        D:1 |      42 |       0 |   0.0 |      24 |       0 |   0.0
        D:2 |      96 |       9 |   8.6 |      16 |       2 |  11.1
            +---------+---------+-------+---------+---------+-------
